 Dungeon Crawl Stone Soup version 0.24-a0-441-g27f0392e16 (webtiles) character file.

Game seed: 12855141742398383216

17977 Kuinu the Fighter (level 12, -3/116 HPs)
             Began as a Purple Draconian Berserker on June 20, 2019.
             Was a High Priest of Trog.
             Slain by a 14-headed hydra (12 damage)
             ... on level 12 of the Dungeon.
             The game lasted 00:24:44 (9302 turns).

Kuinu the Fighter (Purple Draconian Berserker)      Turns: 9302, Time: 00:24:45

Health: -3/116     AC: 12    Str: 25    XL:     12   Next: 23%
Magic:  12/12      EV: 13    Int:  7    God:    Trog [*****.]
Gold:   548        SH:  8    Dex: 11    Spells: 11/11 levels left

rFire    + . .     SeeInvis .   i - +3 long sword (freeze)
rCold    . . .     Gourm    .   k - +0 shield
rNeg     . . .     Faith    .   (armour unavailable)
rPois    .         Spirit   .   (helmet restricted)
rElec    .         Reflect  .   y - +2 cloak
rCorr    .         Harm     .   H - +0 pair of gloves of Satisfaction {rF+}
MR       +....                  (no boots)
Stlth    +.........             (no amulet)
HPRegen  0.29/turn              (no ring)
MPRegen  0.13/turn              (no ring)

@: berserk cooldown, very slightly contaminated, slowed, very slow
A: breathe power, unfitting armour, cold-blooded, AC +8
a: Breathe Dispelling Energy, Berserk, Trog's Hand, Brothers in Arms, Renounce
Religion


You were on level 12 of the Dungeon.
You worshipped Trog.
Trog was extremely pleased with you.
You were very hungry.

You visited 1 branch of the dungeon, and saw 12 of its levels.
You also visited: Sewer.

You collected 548 gold pieces.

Inventory:

Hand Weapons
 a - a +0 falchion
 i - a +3 long sword of freezing (weapon)
 r - a +2 short sword of venom
 E - a +1 falchion of freezing
 I - the +9 longbow of Goblin's Regret {freeze, rC- Int+4}
   (Trog gifted it to you on level 10 of the Dungeon)

   It causes projectiles fired from it to freeze those they strike, causing
   extra injury to most foes and up to half again as much damage against
   particularly susceptible opponents.
   They can also slow down cold-blooded creatures.
   It affects your intelligence (+4).
   It makes you vulnerable to cold.
Armour
 f - a +0 pair of gloves
 k - a +0 shield (worn)
 w - a +0 cloak
 y - a +2 cloak (worn)
 B - a +1 pair of gloves
 F - a +0 pair of gloves
 H - the +0 pair of gloves of Satisfaction (worn) {rF+}
   (You found it on level 11 of the Dungeon)

   It protects you from fire.
Wands
 s - a wand of acid (21)
 A - a wand of flame (27)
 C - a wand of disintegration (8)
 G - a wand of enslavement (9)
Scrolls
 c - 6 scrolls of fog
 e - a scroll of blinking
 g - 4 scrolls of remove curse
 t - 4 scrolls of immolation
 x - a scroll of fear
 z - 7 scrolls of teleportation
 K - a scroll of enchant weapon
 M - a scroll of silence {unknown}
 N - a scroll of identify
 O - a scroll of acquirement {unknown}
Potions
 d - 4 potions of curing
 h - 2 potions of mutation
 j - 4 potions of haste
 l - 2 potions of cancellation
 m - 3 potions of flight
 n - 4 potions of ambrosia
 o - 5 potions of lignification
 p - a potion of degeneration {unknown}
 q - a potion of agility {unknown}
 u - a potion of might {unknown}
 v - a potion of magic {unknown}
 D - 4 potions of berserk rage
 L - a potion of heal wounds
Comestibles
 b - 17 rations
 J - 12 chunks of flesh


   Skills:
 * Level 13.9 Fighting
 * Level 12.9 Long Blades
 + Level 8.9 Dodging


You had 11 spell levels left.
You didn't know any spells.
Your spell library was empty.

Dungeon Overview and Level Annotations

Branches:
Dungeon (12/15)            Temple (0/1) D:7            Lair (0/6) D:8
    Orc (0/2) D:10

Altars:
Elyvilon
Fedhas

Shops:
D:9 *


Innate Abilities, Weirdness & Mutations

You can breathe bolts of dispelling energy.
Your rich purple scales are hard. (AC +8)
You cannot fit into any form of body armour.
You are cold-blooded and may be slowed by cold attacks.


Message History

The orc no longer looks unusually strong.
There is an open door, spattered with blood here.
Blink to where?
Press: ? - help, Dir - move target cursor You are very lightly contaminated with residual magic.
As you read the scroll of blinking, it crumbles to dust.
You feel the effects of Trog's Hand fading.
You are feeling very hungry.
Things that are here:
+0 steam dragon scales; a steam dragon skeleton Some of the chunks of flesh in your inventory have rotted away.
Your skin stops crawling.
You feel less resistant to hostile enchantments.
There is a stone staircase leading down here.
The 14-headed hydra bites you!
* * * LOW HITPOINT WARNING * * *
The 14-headed hydra barely misses you. The 14-headed hydra bites you!
* * * LOW HITPOINT WARNING * * *
The 14-headed hydra bites you!
You die...

###### .....#
<....#
.....#######
...........#
...(...###.##
.......###..######
.......'....o..D@#
.......###.5####.#
####...# #...# #.#
#...# #D#.###.#
#...###Z#..##.#
#.......##.##.#
##D#######'##'####
#)# #))).....# #D#
#........#


You could see a 14-headed hydra, an orc warrior and a crimson imp.

Vanquished Creatures
  Harold (D:8)
  2 centaur warriors (D:10)
  4 two-headed ogres
  Urug (D:10)
  Sonja (D:11)
  An orc knight (D:12)
  3 cyclopes
  Psyche (D:8)
  2 gargoyles
  A troll (D:11)
  Prince Ribbit (D:7)
  A meliai zombie (D:11)
  A hippogriff (D:7)
  A spriggan (D:7)
  A wraith (D:10)
  2 shadows (D:10)
  8 yaks
  A steam dragon (D:12)
  3 hungry ghosts
  Grum (D:11)
  2 two-headed ogre zombies (D:10)
  Purgy (Sewer)
  4 orc warriors
  2 necrophages
  6 ice beasts
  An eye of draining (D:10)
  3 phantoms
  2 wolves (D:11)
  3 ogres
  2 centaurs
  4 bullfrogs
  A water moccasin zombie (D:10)
  A wyvern skeleton (D:9)
  5 scorpions
  A water moccasin skeleton (D:11)
  16 wights
  An electric eel (D:7)
  7 crimson imps
  3 centaur zombies
  5 jellies
  8 orc priests
  2 bullfrog skeletons
  3 centaur skeletons
  9 hounds
  3 iguanas
  8 orc wizards
  13 worker ants
  6 ogre zombies (D:10)
  2 hound skeletons
  2 mummies (D:8)
  A worker ant zombie (D:8)
  3 gnolls (D:5)
  11 adders
  3 shadow imps
  An ooze (D:2)
  3 adder skeletons
  An adder zombie (D:9)
  2 worms (D:6)
  2 dart slugs
  6 leopard geckos
  48 orcs
  7 giant cockroaches
  4 goblins
  6 hobgoblins
  9 jackals
  8 quokkas
  4 ball pythons
  10 bats
  9 frilled lizards
  3 goblin skeletons (D:10)
  A goblin zombie (D:10)
  2 hobgoblin zombies (D:10)
  7 kobolds
  3 leopard gecko zombies
  5 orc skeletons (D:10)
  13 orc zombies (D:10)
  A quokka zombie (D:8)
  7 rats
343 creatures vanquished.

Vanquished Creatures (others)
  5 plants (D:10)
5 creatures vanquished.

Grand Total: 348 creatures vanquished

Notes
Turn   | Place    | Note
-------+----------+-------------------------------------------
     0 | D:1      | Kuinu the Draconian Berserker began the quest for the Orb.
     0 | D:1      | Reached XP level 1. HP: 19/19 MP: 1/1
   132 | D:1      | Reached XP level 2. HP: 23/26 MP: 2/2
   499 | D:2      | Reached ** piety under Trog
   505 | D:2      | Reached XP level 3. HP: 24/33 MP: 3/3
   568 | D:2      | Reached skill level 4 in Fighting
  1176 | D:3      | Reached XP level 4. HP: 32/40 MP: 4/4
  1197 | D:3      | Found a white marble altar of Elyvilon.
  1335 | D:3      | Reached XP level 5. HP: 47/47 MP: 5/5
  1339 | D:3      | Reached skill level 5 in Fighting
  1344 | D:3      | Reached XP level 6. HP: 21/56 MP: 6/6
  1346 | D:3      | Reached skill level 5 in Long Blades
  1594 | D:3      | Reached *** piety under Trog
  2141 | D:4      | Reached skill level 6 in Fighting
  2335 | D:4      | Noticed an ice beast
  2344 | D:4      | Killed an ice beast
  2344 | D:4      | Your scales start taking on a rich purple colour.
  2344 | D:4      | Reached XP level 7. HP: 63/63 MP: 7/7
  2620 | D:5      | Entered Level 5 of the Dungeon
  2868 | D:5      | Reached skill level 7 in Fighting
  2976 | D:5      | Reached **** piety under Trog
  3046 | D:5      | Reached XP level 8. HP: 73/73 MP: 8/8
  3223 | D:5      | Found a blossoming altar of Fedhas.
  3290 | D:6      | Found a glowing drain.
  3315 | Sewer    | Entered a sewer
  3349 | Sewer    | Noticed Purgy
  3354 | Sewer    | Killed Purgy
  3710 | D:6      | Reached skill level 8 in Fighting
  3710 | D:6      | Reached skill level 5 in Dodging
  4230 | D:7      | Found a staircase to the Ecumenical Temple.
  4305 | D:7      | Reached XP level 9. HP: 26/82 MP: 9/9
  4498 | D:7      | Reached skill level 9 in Fighting
  4673 | D:7      | Noticed Prince Ribbit
  4683 | D:7      | Killed Prince Ribbit
  5121 | D:8      | Noticed Harold
  5158 | D:8      | Killed Harold
  5158 | D:8      | Reached skill level 10 in Fighting
  5535 | D:8      | Noticed a two-headed ogre
  5541 | D:8      | Killed a two-headed ogre
  5541 | D:8      | Reached XP level 10. HP: 79/94 MP: 10/10
  5788 | D:8      | Noticed Psyche
  5795 | D:8      | Killed Psyche
  5795 | D:8      | Reached skill level 10 in Long Blades
  5825 | D:8      | Found a staircase to the Lair.
  5832 | D:8      | Reached skill level 11 in Fighting
  6052 | D:9      | Found Xaiblao's General Store.
  6273 | D:9      | Received a gift from Trog
  6653 | D:9      | Reached ***** piety under Trog
  6794 | D:10     | Entered Level 10 of the Dungeon
  6823 | D:10     | Noticed a centaur warrior
  6834 | D:10     | HP: 2/97 [centaur warrior (13)]
  6839 | D:10     | Killed a centaur warrior
  6971 | D:10     | Noticed Urug
  6975 | D:10     | Noticed a centaur warrior
  6978 | D:10     | Killed Urug
  6978 | D:10     | Reached skill level 12 in Fighting
  6978 | D:10     | Reached XP level 11. HP: 104/104 MP: 11/11
  6983 | D:10     | Killed a centaur warrior
  7031 | D:10     | Noticed a two-headed ogre
  7038 | D:10     | Killed a two-headed ogre
  7201 | D:10     | You fall into a shaft and drop 1 floor!
  7370 | D:10     | Found a staircase to the Orcish Mines.
  7620 | D:10     | Found Giwo's Book Shoppe.
  7653 | D:10     | Received a gift from Trog
  7675 | D:10     | Got a warped longbow {god gift}
  7676 | D:10     | Identified the +9 longbow of Goblin's Regret {freeze, rC-
                  | Int+4} (Trog gifted it to you on level 10 of the Dungeon)
  7742 | D:10     | Reached skill level 13 in Fighting
  8319 | D:11     | Noticed Sonja
  8332 | D:11     | Killed Sonja
  8339 | D:11     | Got a pair of ancient gloves
  8350 | D:11     | Identified the +0 pair of gloves of Satisfaction {rF+} (You
                  | found it on level 11 of the Dungeon)
  8899 | D:11     | Noticed a two-headed ogre
  8905 | D:11     | Killed a two-headed ogre
  8905 | D:11     | Reached XP level 12. HP: 63/115 MP: 12/12
  8921 | D:11     | Noticed Grum
  8932 | D:11     | Killed Grum
  9045 | D:11     | Noticed a two-headed ogre
  9050 | D:11     | Killed a two-headed ogre
  9271 | D:12     | Noticed an eight-headed hydra
  9302 | D:12     | Slain by a 14-headed hydra

Levels and vault maps discovered:
D:1:      giann_bridges, layout_rooms, st_stairs_5
D:2:      layout_basic
D:3:      layout_rooms, overflow_temple_1_default
D:4:      layout_gridville
D:5:      layout_gridville, first_ration, fedhas_altar_2
D:6:      layout_basic, cheibrodos_sewer_entry_drain
D:7:      layout_loops_cross, minmay_temple_entry_nine_rooms, chequers_jeans,
          the_bakery, serial_bayou_lagoon_a, uniq_prince_ribbit1
D:8:      layout_loops_ring, lair_entry_dummy, serial_undead, serial_undead_d,
          serial_undead_d, serial_undead_b, serial_undead_a,
          hangedman_decor_riveting, uniq_psyche, uniq_harold
D:9:      layout_roguey, serial_shops, shop_coins
D:10:     layout_basic, zombieorc2_lemuel, serial_shops,
          nicolae_shop_statue_plus, minmay_shattered_shrine, uniq_urug
D:11:     layout_loops_ring, chequers_mini_garden, uniq_grum, uniq_sonja
D:12:     layout_basic, basic_altar

Skill      XL: |  1  2  3  4  5  6  7  8  9 10 11 |
---------------+----------------------------------+-----
Dodging        | 3 4 5 6 7 8 |  8.9
Fighting       | 4 5 6 7 8 10 12 13 | 13.9
Long Blades    | 4 5 6 8 9 11 12 | 12.9

Action                   |  1- 3 |  4- 6 |  7- 9 | 10-12 || total
-------------------------+-------+-------+-------+-------++-------
Melee: Falchion          |    69 |       |       |       ||    69
       Tailslap          |    11 |     8 |    40 |   104 ||   163
       Short sword       |    28 |    50 |       |       ||    78
       Long sword        |       |    53 |   237 |   564 ||   854
Invok: Berserk           |     2 |     3 |     8 |    11 ||    24
       Trog's Hand       |       |     1 |     3 |    10 ||    14
 Abil: Breathe Dispellin |       |       |     1 |     1 ||     2
  Use: Scroll            |     7 |     1 |    10 |    10 ||    28
       Potion            |       |       |     1 |     2 ||     3
 Stab: Sleeping          |     3 |       |     1 |       ||     4
  Eat: Chunk             |     2 |     7 |    13 |    25 ||    47
       Ration            |       |       |     2 |     1 ||     3
Armor: Skin              |    30 |    19 |    69 |   117 ||   235
Dodge: Dodged            |    94 |    84 |   146 |   284 ||   608
Block: Shield            |       |       |       |    53 ||    53
       Rpst.: Falchion   |    21 |       |       |       ||    21
       Long sword        |       |    12 |    50 |    69 ||   131

Table legend:
 A = Non-vault XP
 B = Vault XP
 C = Vault XP percentage of total XP
 D = Non-vault monster count
 E = Vault monster count
 F = Vault count percentage of total count
                 A         B        C        D         E       F
            +---------+---------+-------+---------+---------+-------
      Total |   15398 |   10284 |  40.0 |     258 |      85 |  24.8
            +---------+---------+-------+---------+---------+-------
        D:1 |      28 |       1 |   3.4 |      19 |       1 |   5.0
        D:2 |      61 |       0 |   0.0 |      18 |       0 |   0.0
        D:3 |     417 |       0 |   0.0 |      35 |       0 |   0.0
        D:4 |     313 |       0 |   0.0 |       9 |       0 |   0.0
        D:5 |     631 |       0 |   0.0 |      27 |       0 |   0.0
        D:6 |     538 |      14 |   2.5 |      15 |       4 |  21.1
        D:7 |    1232 |     494 |  28.6 |      20 |       2 |   9.1
        D:8 |    1239 |    1946 |  61.1 |      15 |      14 |  48.3
        D:9 |    2216 |       0 |   0.0 |      38 |       0 |   0.0
       D:10 |    1952 |    6468 |  76.8 |      21 |      52 |  71.2
       D:11 |    5104 |    1215 |  19.2 |      29 |       4 |  12.1
       D:12 |    1667 |       0 |   0.0 |      12 |       0 |   0.0
      Sewer |       0 |     146 | 100.0 |       0 |       8 | 100.0
            +---------+---------+-------+---------+---------+-------
